[ AOE2 MATCH · #504667975 ]
UnrankedBohemians vs Tupi
Player's team · WIN
Rival team · LOSS
[ REPLAY ANALYSIS · EXTRACTED FROM THE RECORDED GAME ]
Feudal
12:18
Castle
25:46
Imperial
30:20
| APM avg | 25.6 |
| APM peak | 51 |
| eAPM avg | 18.3 |
| Villagers / military | 58 / 16 |
Focus
⚔️ 24.3% · 🌾 75.7%
Fishing Ship ×14 · Galley ×7 · Militia ×5 · Bombard Cannon ×2 · Monk ×1 · Spearman ×1
Feudal
14:36
Castle
24:12
Imperial
—
| APM avg | 49.6 |
| APM peak | 86 |
| eAPM avg | 24.4 |
| Villagers / military | 77 / 29 |
Focus
⚔️ 23.5% · 🌾 76.5%
Archer ×25 · Battering Ram ×3 · Unknown (2550) ×2 · Monk ×1
Match map
Initial resources + every placement click. Lines = walls · curves = elevation contours. ◆ gold · ⬟ stone · ● berries · ✦ relic · ◌ wall gap
Your base· ✓ Closed at 25:46 · 19t walls · no gate
feue832223's base· Open — opponent sealed themselves in
Smoothed initial terrain · ◌ = detected wall gap · hover for details
Inputs per minute
— Banana Latte - - feue832223
Build order — Banana Latte
First 150 of 166 actions detected
| 0:01 | Queue | Villager (Male) ×4 |
| 0:01 | Queue | Villager (Male) ×4 |
| 0:06 | Build | House |
| 0:07 | Build | House |
| 1:28 | Queue | Villager (Male) |
| 2:08 | Queue | Villager (Male) |
| 2:20 | Queue | Villager (Male) |
| 2:36 | Research | Loom |
| 3:00 | Build | Barracks |
| 3:02 | Queue | Villager (Male) |
| 3:24 | Queue | Villager (Male) |
| 3:46 | Queue | Militia |
| 3:59 | Queue | Militia |
| 4:29 | Build | House |
| 4:39 | Queue | Villager (Male) |
| 5:02 | Queue | Villager (Male) |
| 5:26 | Queue | Militia |
| 5:41 | Queue | Villager (Male) |
| 5:58 | Build | House |
| 5:59 | Build | House |
| 6:06 | Queue | Villager (Male) |
| 6:25 | Queue | Villager (Male) |
| 6:26 | Queue | Villager (Male) |
| 6:41 | Queue | Militia |
| 6:41 | Queue | Militia |
| 7:33 | Queue | Villager (Male) |
| 7:33 | Queue | Villager (Male) |
| 7:51 | Queue | Villager (Male) |
| 8:04 | Build | House |
| 8:20 | Queue | Villager (Male) |
| 8:33 | Build | Mill |
| 8:45 | Queue | Villager (Male) |
| 8:52 | Build | Lumber Camp |
| 8:53 | Queue | Villager (Male) |
| 9:23 | Queue | Villager (Male) |
| 10:08 | Research | Feudal Age |
| 10:08 | Research | Feudal Age |
| 11:23 | Build | Dock |
| 11:31 | Build | Dock |
| 11:52 | Build | Mining Camp |
| 12:11 | Queue | Villager (Male) |
| 12:12 | Queue | Villager (Male) |
| 12:18 | Age | Feudal Age |
| 12:26 | Queue | Fishing Ship |
| 12:40 | Build | Stone Wall |
| 12:46 | Queue | Villager (Male) |
| 12:52 | Queue | Galley |
| 13:09 | Research | Double-Bit Axe |
| 13:17 | Queue | Galley |
| 13:25 | Build | Stone Wall |
| 13:32 | Queue | Galley |
| 13:45 | Queue | Villager (Male) |
| 13:45 | Queue | Villager (Male) |
| 13:48 | Build | House |
| 13:50 | Build | House |
| 13:55 | Queue | Fishing Ship |
| 14:11 | Research | Man-at-Arms (upgrade) |
| 14:32 | Build | Blacksmith |
| 14:37 | Queue | Villager (Male) |
| 14:38 | Queue | Villager (Male) |
| 14:47 | Build | Watch Tower |
| 14:58 | Queue | Galley |
| 15:01 | Queue | Fishing Ship |
| 15:09 | Queue | Villager (Male) |
| 15:24 | Queue | Spearman |
| 15:31 | Research | Fletching |
| 15:35 | Queue | Fishing Ship |
| 15:39 | Build | Fish Trap |
| 15:42 | Queue | Villager (Male) |
| 15:47 | Build | Fish Trap |
| 15:57 | Build | House |
| 15:58 | Build | House |
| 16:35 | Queue | Villager (Male) |
| 16:36 | Queue | Villager (Male) |
| 16:38 | Build | Fish Trap |
| 16:41 | Queue | Fishing Ship |
| 16:45 | Research | Tech 906 |
| 16:57 | Build | House |
| 17:13 | Build | Mining Camp |
| 17:38 | Queue | Villager (Male) |
| 17:45 | Queue | Fishing Ship |
| 17:46 | Queue | Fishing Ship |
| 17:46 | Queue | Fishing Ship |
| 18:09 | Build | Stone Wall |
| 18:16 | Queue | Villager (Male) |
| 18:16 | Queue | Villager (Male) |
| 18:18 | Queue | Fishing Ship |
| 18:22 | Build | Fish Trap |
| 18:34 | Build | Fish Trap |
| 18:57 | Build | Farm |
| 18:59 | Queue | Villager (Male) |
| 19:05 | Build | Watch Tower |
| 19:30 | Queue | Villager (Male) |
| 19:32 | Build | Farm |
| 19:34 | Build | Farm |
| 20:00 | Queue | Villager (Male) |
| 20:02 | Build | Fish Trap |
| 20:06 | Build | Fish Trap |
| 20:08 | Build | Farm |
| 20:11 | Queue | Villager (Male) |
| 20:28 | Queue | Fishing Ship |
| 20:42 | Build | Farm |
| 20:43 | Queue | Villager (Male) |
| 20:47 | Build | Market |
| 20:54 | Build | Fish Trap |
| 20:56 | Build | Farm |
| 21:03 | Build | House |
| 21:04 | Build | House |
| 21:05 | Build | House |
| 21:12 | Queue | Fishing Ship |
| 21:13 | Queue | Fishing Ship |
| 21:14 | Build | Fish Trap |
| 21:17 | Build | Farm |
| 21:19 | Queue | Villager (Male) |
| 21:34 | Queue | Villager (Male) |
| 21:47 | Build | Farm |
| 21:49 | Research | Horse Collar |
| 22:00 | Queue | Galley |
| 22:01 | Queue | Galley |
| 22:01 | Queue | Galley |
| 22:13 | Build | Fish Trap |
| 22:16 | Queue | Villager (Male) |
| 22:22 | Build | House |
| 22:23 | Build | House |
| 22:30 | Queue | Villager (Male) |
| 22:34 | Build | Farm |
| 22:46 | Build | Fish Trap |
| 22:53 | Build | Farm |
| 23:00 | Research | Castle Age |
| 23:09 | Build | Farm |
| 24:12 | Queue | Fishing Ship |
| 24:12 | Queue | Fishing Ship |
| 24:19 | Build | Farm |
| 24:50 | Build | Fish Trap |
| 25:46 | Age | Castle Age |
| 25:50 | Research | Wheelbarrow |
| 25:56 | Build | University |
| 26:00 | Build | Monastery |
| 26:09 | Build | Castle |
| 26:16 | Research | Gillnets |
| 26:20 | Build | Fish Trap |
| 26:24 | Build | Fish Trap |
| 26:34 | Research | Bow Saw |
| 26:37 | Research | Bodkin Arrow |
| 27:02 | Queue | Monk |
| 27:07 | Queue | Trade Cart |
| 27:10 | Research | Imperial Age |
| 27:34 | Research | Chemistry |
| 28:14 | Build | Town Center |
| 28:23 | Build | Town Center |
Build order — feue832223
First 150 of 188 actions detected
| 0:01 | Queue | Villager (Male) |
| 0:02 | Queue | Villager (Male) |
| 0:02 | Queue | Villager (Male) |
| 0:02 | Queue | Villager (Male) |
| 0:02 | Queue | Villager (Male) |
| 0:05 | Build | House |
| 0:11 | Build | Barracks |
| 1:05 | Queue | Villager (Male) |
| 1:06 | Queue | Villager (Male) |
| 1:06 | Queue | Villager (Male) |
| 1:13 | Queue | Unit 2550 |
| 1:37 | Queue | Villager (Male) |
| 2:08 | Build | House |
| 2:17 | Queue | Villager (Male) |
| 2:17 | Queue | Villager (Male) |
| 2:28 | Queue | Villager (Male) |
| 2:29 | Queue | Villager (Male) |
| 2:59 | Queue | Villager (Male) |
| 2:59 | Queue | Villager (Male) |
| 3:19 | Queue | Villager (Male) |
| 3:19 | Queue | Villager (Male) |
| 3:52 | Queue | Villager (Male) |
| 4:03 | Build | House |
| 4:07 | Queue | Villager (Male) |
| 4:08 | Queue | Villager (Male) |
| 4:36 | Queue | Villager (Male) |
| 4:37 | Queue | Villager (Male) |
| 4:52 | Queue | Villager (Male) |
| 4:52 | Queue | Villager (Male) |
| 4:53 | Queue | Villager (Male) |
| 5:35 | Queue | Villager (Male) |
| 5:37 | Queue | Unit 2550 |
| 5:46 | Build | Settlement |
| 6:40 | Build | House |
| 6:55 | Queue | Villager (Male) |
| 6:55 | Queue | Villager (Male) |
| 7:13 | Build | House |
| 7:43 | Research | Loom |
| 7:59 | Queue | Villager (Male) |
| 8:34 | Build | Settlement |
| 8:49 | Build | House |
| 8:53 | Queue | Villager (Male) |
| 8:53 | Queue | Villager (Male) |
| 9:30 | Queue | Villager (Male) |
| 9:34 | Build | Farm |
| 9:41 | Build | Farm |
| 9:42 | Build | Farm |
| 9:59 | Queue | Villager (Male) |
| 10:07 | Build | Farm |
| 10:21 | Queue | Villager (Male) |
| 10:39 | Build | Farm |
| 10:43 | Queue | Villager (Male) |
| 10:51 | Build | Farm |
| 10:56 | Build | Farm |
| 11:13 | Build | Farm |
| 11:18 | Queue | Villager (Male) |
| 11:37 | Queue | Villager (Male) |
| 11:44 | Build | Settlement |
| 12:01 | Queue | Villager (Male) |
| 12:26 | Research | Feudal Age |
| 12:49 | Queue | Villager (Male) |
| 13:02 | Build | House |
| 13:04 | Build | House |
| 13:07 | Build | Palisade Wall |
| 13:26 | Build | House |
| 13:36 | Queue | Villager (Male) |
| 14:36 | Age | Feudal Age |
| 14:47 | Build | Archery Range |
| 15:03 | Research | Horse Collar |
| 15:04 | Research | Double-Bit Axe |
| 15:12 | Queue | Villager (Male) |
| 15:25 | Build | Archery Range |
| 15:28 | Queue | Villager (Male) |
| 15:41 | Queue | Villager (Male) |
| 15:51 | Queue | Archer |
| 15:51 | Queue | Archer |
| 16:09 | Queue | Archer |
| 16:22 | Build | Watch Tower |
| 16:41 | Queue | Villager (Male) |
| 16:41 | Queue | Villager (Male) |
| 16:50 | Build | Blacksmith |
| 16:57 | Queue | Archer |
| 17:39 | Build | Settlement |
| 17:43 | Queue | Villager (Male) |
| 17:43 | Queue | Villager (Male) |
| 17:55 | Research | Fletching |
| 18:01 | Queue | Archer |
| 18:07 | Research | Padded Archer Armor |
| 18:28 | Queue | Villager (Male) |
| 18:35 | Queue | Archer |
| 18:39 | Build | Farm |
| 18:57 | Build | Farm |
| 18:58 | Build | Farm |
| 18:59 | Build | Farm |
| 19:06 | Build | Farm |
| 19:10 | Queue | Villager (Male) |
| 19:10 | Queue | Villager (Male) |
| 19:14 | Queue | Archer |
| 19:22 | Queue | Archer |
| 19:22 | Queue | Archer |
| 19:25 | Queue | Archer |
| 19:53 | Queue | Archer |
| 19:54 | Queue | Villager (Male) |
| 19:55 | Queue | Villager (Male) |
| 19:57 | Build | Farm |
| 19:57 | Build | Farm |
| 20:00 | Queue | Archer |
| 20:05 | Build | Farm |
| 20:08 | Queue | Archer |
| 20:08 | Queue | Archer |
| 20:25 | Build | Farm |
| 20:30 | Queue | Villager (Male) |
| 20:33 | Queue | Archer |
| 20:37 | Build | Farm |
| 20:49 | Queue | Archer |
| 20:54 | Build | Farm |
| 21:01 | Build | Farm |
| 21:08 | Build | Farm |
| 21:23 | Build | Farm |
| 21:32 | Research | Castle Age |
| 21:36 | Queue | Archer |
| 21:36 | Queue | Archer |
| 21:45 | Build | Farm |
| 21:52 | Build | Farm |
| 22:10 | Research | Gold Mining |
| 22:36 | Build | Settlement |
| 22:40 | Research | Stone Mining |
| 22:45 | Queue | Archer |
| 22:45 | Queue | Archer |
| 22:52 | Build | House |
| 22:55 | Build | House |
| 22:56 | Build | House |
| 23:04 | Queue | Archer |
| 23:05 | Queue | Archer |
| 23:07 | Queue | Archer |
| 23:26 | Queue | Archer |
| 23:36 | Queue | Archer |
| 23:57 | Build | Market |
| 24:12 | Age | Castle Age |
| 24:12 | Build | Farm |
| 24:16 | Research | Crossbowman (upgrade) |
| 24:23 | Research | Bodkin Arrow |
| 24:28 | Queue | Villager (Male) |
| 24:29 | Queue | Villager (Male) |
| 24:33 | Research | Bow Saw |
| 24:54 | Research | Wheelbarrow |
| 25:06 | Queue | Villager (Male) |
| 25:13 | Queue | Villager (Male) |
| 25:47 | Queue | Villager (Male) |
| 25:47 | Queue | Villager (Male) |
Match timeline
| 0:11 | feue832223 · first_building Barracks |
| 3:00 | Banana Latte · first_building Barracks |
| 11:23 | Banana Latte · first_building Dock |
| 12:18 | Banana Latte · age_up feudal |
| 12:40 | Banana Latte · wall_segment Stone Wall x6 |
| 13:07 | feue832223 · wall_segment Palisade Wall x5 |
| 13:25 | Banana Latte · wall_segment Stone Wall x6 |
| 14:36 | feue832223 · age_up feudal |
| 14:47 | feue832223 · first_building Archery Range |
| 18:09 | Banana Latte · wall_segment Stone Wall x7 |
| 24:12 | feue832223 · age_up castle |
| 25:46 | Banana Latte · age_up castle |
| 26:00 | Banana Latte · first_building Monastery |
| 26:00 | feue832223 · first_building Siege Workshop |
| 26:09 | Banana Latte · first_building Castle |
| 26:49 | Banana Latte · first_market_sell 100 wood |
| 28:22 | feue832223 · first_building Monastery |
| 28:50 | feue832223 · first_building Castle |
| 29:37 | Banana Latte · first_building Siege Workshop |
| 30:17 | Banana Latte · first_market_buy 100 wood |
| 30:20 | Banana Latte · age_up imperial |
| 30:33 | feue832223 · resign |
[ AI ANALYSIS · 1 CREDIT ]
What really happened in this match?
Wolo.gg analyzes every decision: build order, eco, micro, common mistakes by bracket. Personalized analysis on WhatsApp or Discord in 30 seconds.
Civ guide
Bohemians
Perfil
Jugador #554857